 Dungeon Crawl Stone Soup version 0.30-a0-782-ge64f9170bb (webtiles) character file.

Game seed: 1820353473087774021

726 funkygono the Firebug (level 7, -7/36 HPs)
             Began as a Gargoyle Fire Elementalist on Feb 20, 2023.
             Was an Initiate of Sif Muna.
             Killed by divine providence
             ... invoked by an orc priest
              (14 damage)
             ... on level 4 of the Dungeon.
             The game lasted 00:09:50 (5233 turns).

funkygono the Firebug (Gargoyle Fire Elementalist)  Turns: 5233, Time: 00:09:51

Health: -7/36      AC: 11    Str: 12    XL:     7   Next: 72%
Magic:  5/14       EV: 16    Int: 17    God:    Sif Muna [......]
Gold:   170        SH:  0    Dex: 10    Spells: 5/15 levels left

rFire   . . .      SeeInvis +    g - +1 whip
rCold   + . .      Faith    .    (no shield)
rNeg    + . .      Spirit   .    o - +2 leather armour {rC+}
rPois   ∞          Reflect  .    (no helmet)
rElec   +          Harm     .    s - +0 cloak
rCorr   .          Rampage  .    (no gloves)
Will    .....                    (no boots)
Stlth   ++                       y - amulet of magic regeneration
HPRegen 0.26/turn                m - +5 ring of evasion
MPRegen 0.54/turn                p - ring of see invisible

@: no status effects
A: sickness immunity, AC +4, negative energy resistance 1, electricity
resistance, torment resistance 1, petrification resistance
a: Renounce Religion


You were on level 4 of the Dungeon.
You worshipped Sif Muna.
Sif Muna was noncommittal.
You visited 1 branch of the dungeon, and saw 5 of its levels.

You collected 170 gold pieces.

Inventory:

Hand Weapons
 g - a +1 whip (weapon)
 r - a +2 heavy falchion
Armour
 a - a +0 robe
 o - a +2 leather armour of cold resistance (worn)
 s - a +0 cloak (worn)
Magical Staves
 t - a staff of conjuration
 x - a staff of death
Jewellery
 m - a +5 ring of evasion (left hand)
 p - a ring of see invisible (right hand)
 y - an amulet of magic regeneration (around neck)
Wands
 w - a wand of roots (4)
Scrolls
 d - a scroll of magic mapping
 e - a scroll of teleportation
Potions
 b - a potion of magic
 c - a potion of brilliance
 f - a potion of cancellation
 i - a potion of haste
 j - a potion of lignification
 k - 2 potions of curing
 q - a potion of attraction


   Skills:
 + Level 0.1 Fighting
 + Level 0.1 Maces & Flails
 + Level 1.9 Armour
 + Level 2.1 Dodging
 - Level 2.1 Stealth
 + Level 4.7 Spellcasting
 + Level 4.1 Conjurations
 + Level 5.6 Fire Magic


You had 5 spell levels left.
You knew the following spells:

 Your Spells              Type           Power      Damage    Failure   Level
a - Foxfire               Conj/Fire      80%        2x1d8     2%          1
b - Scorch                Fire           46%        2d7       2%          2
c - Kindle Blastsparks    Fire/Tloc/Air  20%        2d11      26%         3
d - Flame Wave            Conj/Fire      20%        2d7       26%         4

Your spell library contained the following spells:

 Spells                   Type           Power      Damage    Failure   Level
 Kiss of Death            Conj/Necr      44%        2d8       8%          1
 Sting                    Tmut/Pois      16%        1d3       19%         1
 Inner Flame              Hex/Fire       13%        N/A       19%         3
 Lesser Beckoning         Tloc           8%         N/A       28%         2
 Confusing Touch          Hex            4%         N/A       50%         3
 Gell's Gravitas          Tloc           4%         N/A       50%         3
 Portal Projectile        Hex/Tloc       8%         N/A       50%         3
 Teleport Other           Tloc           4%         N/A       50%         3
 Tukima's Dance           Hex            4%         N/A       50%         3
 Dispel Undead            Necr           4%         3d7       88%         4
 Blade Hands              Tmut           2%         N/A       99%         5


Dungeon Overview and Level Annotations

Branches:
Dungeon (5/15)
 Temple: D:4-7

Altars:
Dithmenos
Kikubaaqudgha
Makhleb
Okawaru
Sif Muna
Vehumet
The Shining One


Innate Abilities, Weirdness & Mutations

You are immune to sickness and miasma.
Your stone body is resilient. (AC +4)
You are immune to poison.
You resist negative energy. (rN+)
You are resistant to electric shocks. (rElec)
You are resistant to unholy torment.
You are immune to petrification.


Message History

Sif Muna accepts your kill.
The foxfire hits the orc.
The orc is severely wounded.
The orc closely misses you. The gnoll barely misses you.
The orc priest barely misses you. The gnoll barely misses you.
The orc hits you with a +0 whip.
Your Conjurations skill increases to level 4!
Unknown command.
Casting: Scorch (safe; 2% risk of failure)
Confirm with . or Enter, or press ? or * to list all spells.
You conjure some foxfire!
The orc closely misses you. The gnoll hits you but does no damage.
The gnoll closely misses you. The orc priest misses you.
The orc barely misses you.
Casting: Foxfire (safe; 2% risk of failure)
Confirm with . or Enter, or press ? or * to list all spells.
Flames lash the gnoll.
The gnoll is almost dead.
The gnoll's fire resistance burns away.
The foxfire hits the orc but does no damage.
The orc is severely wounded.
The foxfire hits the orc but does no damage.
The orc is severely wounded.
The gnoll misses you.
The orc priest invokes the aid of Beogh against you.
Beogh smites you!
* * * LOW HITPOINT WARNING * * *
The orc barely misses you. x2; The gnoll hits you with a +0 whip.
* * * LOW HITPOINT WARNING * * *
Unknown command.
You barely miss the orc priest.
The orc priest is almost dead.
The orc barely misses you. The gnoll closely misses you. x2
The orc priest closely misses you. The orc barely misses you.
You feel better.
The orc priest is no longer more vulnerable to fire.
The gnoll is no longer moving quickly. x2; The orc closely misses you.
The gnoll closely misses you. The gnoll misses you.
The orc priest invokes the aid of Beogh against you.
Beogh smites you!
You die...

#############
#...........#
#...........#
#..#.....#..#
#...........#
#.....o)g..##
#########...).o@...#
#.............g.o..#
#..................#
######
#..........#.....#.#
#....#
#..................#
#....#
#..........#########
#.(..#
#...............#
###....#
#..........####.##
###......#
#..........# #..#
##.†.#....#


You could see an orc priest, 2 gnolls and 2 orcs.

Vanquished Creatures
  Grinder (D:3)
  Menkaure (D:4)
  A scorpion (D:4)
  A gnoll bouda (D:4)
  An orc priest (D:2)
  Natasha (thrice) (D:2)
  4 gnolls (D:3)
  6 adders
  3 worms
  5 dart slugs
  14 orcs
  7 ball pythons
  5 bats
  6 endoplasms
  2 giant cockroaches
  8 goblins
  7 hobgoblins
  10 kobolds
  4 quokkas
  2 frilled lizards
  9 rats
100 creatures vanquished.

Vanquished Creatures (others)
  364 foxfires
364 creatures vanquished.

Grand Total: 464 creatures vanquished

Notes
Turn   | Place    | Note
-------+----------+-------------------------------------------
     0 | D:1      | funkygono the Gargoyle Fire Elementalist began the quest
                  | for the Orb.
     0 | D:1      | Reached XP level 1. HP: 10/10 MP: 3/3
   240 | D:1      | Reached XP level 2. HP: 15/15 MP: 0/5
   243 | D:1      | Learned a level 2 spell: Scorch
   794 | D:1      | Reached XP level 3. HP: 19/19 MP: 3/6
   844 | D:1      | Learned a level 3 spell: Kindle Blastsparks
  1806 | D:2      | Found an iron altar of Okawaru.
  1995 | D:2      | Reached XP level 4. HP: 24/24 MP: 2/7
  2174 | D:2      | Noticed Natasha
  2178 | D:2      | Killed Natasha
  2179 | D:2      | Reached skill level 4 in Fire Magic
  2535 | D:2      | Noticed Natasha
  2537 | D:2      | Killed Natasha
  2731 | D:2      | Reached XP level 5. HP: 26/28 MP: 4/9
  2930 | D:2      | Noticed Natasha
  2936 | D:2      | Killed Natasha
  3270 | D:3      | Noticed Grinder
  3270 | D:3      | Paralysed by Grinder for 2 turns
  3380 | D:3      | Killed Grinder
  3381 | D:3      | Reached skill level 1 in Armour
  3381 | D:3      | Reached skill level 5 in Fire Magic
  3381 | D:3      | Reached XP level 6. HP: 32/32 MP: 0/12
  3982 | D:3      | You fall into a shaft and drop 1 floor!
  4006 | D:4      | Reached XP level 7. HP: 36/36 MP: 9/13
  4816 | D:4      | Noticed Menkaure
  4823 | D:4      | Killed Menkaure
  4870 | D:4      | Found a glowing golden altar of the Shining One.
  4870 | D:4      | Found a shadowy altar of Dithmenos.
  4870 | D:4      | Found a burning altar of Makhleb.
  4877 | D:4      | Found a radiant altar of Vehumet.
  4911 | D:4      | Found an ancient bone altar of Kikubaaqudgha.
  4931 | D:4      | Found a shimmering blue altar of Sif Muna.
  4939 | D:4      | Got Sif Muna's Directory of Configuration
  4941 | D:4      | Became a worshipper of Sif Muna the Loreminder
  5216 | D:4      | Learned a level 4 spell: Flame Wave
  5220 | D:5      | Entered Level 5 of the Dungeon
  5233 | D:4      | Killed from afar by an orc priest

Illustrated notes

Levels and vault maps discovered:
D:1:      minmay_arrival_checkered_box, layout_basic
D:2:      layout_loops_corners, basic_altar, chequers_serial_rivers_room_a,
          minmay_tall_x, uniq_natasha
D:3:      minmay_door_path, layout_basic, uniq_grinder
D:4:      layout_rooms, grunt_temple_overflow_magic_moments,
          chequers_temple_overflow_statue_of_worship, st_stairs_2, uniq_menkaure
D:5:      layout_gridville, feat_on_display, uniq_edmund

Skill      XL: |  1  2  3  4  5  6  7 |
---------------+----------------------+-----
Dodging        | 2 |  2.1
Fire Magic     | 4 5 |  5.6
Conjurations   | 2 3 4 |  4.1
Spellcasting   | 3 4 |  4.7
Armour         | 1 |  1.9
Fighting       | |  0.1
Maces & Flails | |  0.1
Stealth        | |  2.1

Action                     |  1- 3 |  4- 6 |  7- 9 || total
---------------------------+-------+-------+-------++-------
  Melee: Unarmed           |     5 |       |       ||     5
         Whip              |       |    15 |     1 ||    16
   Cast: Foxfire           |    52 |    96 |    60 ||   208
         Scorch            |     7 |     7 |    11 ||    25
         Kindle Blastspark |       |       |     1 ||     1
    Use: Scroll            |       |       |    13 ||    13
         Potion            |       |       |     1 ||     1
 Armour: Robe              |     3 |     1 |       ||     4
         Leather armour    |       |    14 |    13 ||    27
  Dodge: Dodged            |    11 |    30 |    46 ||    87

Table legend: (Time is in decaauts)
 A = Elapsed time spent in this place.
 B = Non-inter-level travel time spent in this place.
 C = Inter-level travel time spent in this place.
 D = Time resting spent in this place.
 E = Time spent auto-exploring this place.
 F = Levels seen in this place.
 G = Mean time per level.
                   A        B        C        D        E       F      G
               +--------+--------+--------+--------+--------+-----+--------+
         Total |   5235 |   5151 |     84 |     31 |   4251 |   5 | 1047.0 |
       Dungeon |   5235 |   5151 |     84 |     31 |   4251 |   5 | 1047.0 |
               +--------+--------+--------+--------+--------+-----+--------+

Top non-repeatable levels by time:
     D:2: 1794 daAuts
     D:3: 1434 daAuts
     D:1: 1419 daAuts
     D:4: 585 daAuts
     D:5: 1 daAuts
